 Dungeon Crawl Stone Soup version 0.28-a0-1143-gcf6077d4cc (webtiles) character file.

Game seed: 7242068873400543795

43732 leviel the Severer (level 14, -11/136 HPs)
             Began as a Hill Orc Fighter on Dec 13, 2021.
             Was a High Priest of Makhleb.
             Killed from afar by a wretched star (19 damage)
             ... with a lance of force
             ... on level 2 of the Abyss.
             The game lasted 00:23:12 (10801 turns).

leviel the Severer (Hill Orc Fighter)              Turns: 10801, Time: 00:23:13

Health: -11/136    AC: 14    Str: 28    XL:     14   Next: 25%
Magic:  24/24      EV: 12    Int:  8    God:    Makhleb [*****.]
Gold:   1049       SH:  5    Dex: 16    Spells: 13/13 levels left

rFire   + . .      SeeInvis .   g - +0 war axe (distort)
rCold   . . .      Faith    .   c - +0 buckler
rNeg    . . .      Spirit   .   b - +0 scale mail
rPois   +          Reflect  .   t - +0 helmet
rElec   .          Harm     .   p - +0 cloak
rCorr   .          Rampage  .   H - +0 pair of gloves
Will    +....                   K - +1 pair of boots of the Falcon {rF++}
Stlth   +.........              l - amulet of regeneration
HPRegen 0.00/turn               f - +6 ring of dexterity
MPRegen 0.19/turn               C - ring of Fopt {Fly rPois rF- MP+9 Str+4}

@: flying, inhibited regen
A: [deformed body], [low mp 3], [inhibited regeneration]
a: Renounce Religion, Minor Destruction, Lesser Servant of Makhleb, Major
Destruction, Greater Servant of Makhleb


You were on level 2 of the Abyss.
You worshipped Makhleb.
Makhleb was extremely pleased with you.
You visited 3 branches of the dungeon, and saw 15 of its levels.
You visited the Abyss 1 time.
You also visited: Ossuary and Bailey.

You collected 1309 gold pieces.
You spent 260 gold pieces at shops.

Inventory:

Hand Weapons
 a - a +0 war axe
 g - a +0 war axe of distortion (weapon)
Missiles
 i - 3 atropa-tipped darts
 k - 40 poisoned darts (quivered)
Armour
 b - a +0 scale mail (worn)
 c - a +0 buckler (worn)
 p - a +0 cloak (worn)
 t - a +0 helmet (worn)
 H - a +0 pair of gloves (worn)
 K - the +1 pair of boots of the Falcon (worn) {rF++}
   (You found it on level 12 of the Dungeon)

   rF:        It greatly protects you from fire.
Jewellery
 f - a +6 ring of dexterity (left hand)
 l - an amulet of regeneration (around neck)
 y - a ring of protection from cold
 C - the ring of Fopt (right hand) {Fly rPois rF- MP+9 Str+4}
   (You acquired it on level 10 of the Dungeon)

   [ring of flight]

   Str:       It affects your strength (+4).
   rF:        It makes you vulnerable to fire.
   rPois:     It protects you from poison.
   MP:        It affects your magic capacity (+9).
   Fly:       It grants you flight.
Wands
 m - a wand of flame (18)
 M - a wand of paralysis (8)
Scrolls
 e - 6 scrolls of fear
 n - 2 scrolls of magic mapping
 o - 4 scrolls of teleportation
 r - a scroll of amnesia
 w - a scroll of brand weapon {unknown}
 A - 6 scrolls of identify {@r1}
 B - a scroll of blinking
 F - a scroll of enchant weapon {unknown}
Potions
 d - 4 potions of might
 h - 4 potions of lignification
 j - 2 potions of magic
 q - 4 potions of brilliance
 s - 10 potions of heal wounds
 u - a potion of berserk rage
 v - 8 potions of curing
 x - 2 potions of resistance
 z - 5 potions of haste
 D - 3 potions of mutation
 E - a potion of cancellation
 G - 2 potions of flight
 I - a potion of degeneration
 J - a potion of invisibility
 L - 3 potions of ambrosia


   Skills:
 * Level 15.7 Fighting
 - Level 16.0 Axes
 + Level 14.3 Armour
 - Level 3.1 Dodging
 + Level 1.5 Stealth
 - Level 4.0 Shields
 - Level 10.1 Invocations
 - Level 3.8 Evocations


You had 13 spell levels left.
You didn't know any spells.
Your spell library contained the following spells:

 Spells                   Type           Power      Damage    Failure   Level
 Animate Skeleton         Necr           0%         N/A       58%         1
 Magic Dart               Conj           0%         1d3       58%         1
 Pain                     Necr           0%         1d4       58%         1
 Blink                    Tloc           0%         N/A       75%         2
 Call Imp                 Summ           0%         N/A       75%         2
 Sublimation of Blood     Necr           0%         N/A       75%         2
 Lesser Beckoning         Tloc           0%         N/A       92%         3
 Mephitic Cloud           Conj/Pois/Air  0%         N/A       92%         3
 Vampiric Draining        Necr           0%         2d6       92%         3
 Fulminant Prism          Conj/Hex       0%         3d6       100%        4
 Iskenderun's Mystic Bla  Conj/Tloc      0%         2d3       100%        4
 Petrify                  Tmut/Erth      0%         N/A       100%        4
 Summon Ice Beast         Ice/Summ       0%         N/A       100%        4
 Summon Lightning Spire   Summ/Air       0%         N/A       100%        4
 Irradiate                Conj/Tmut      0%         3d13      100%        5
 Lee's Rapid Deconstruct  Erth           0%         3d5*      100%        5
 Manifold Assault         Tloc           0%         N/A       100%        5
 Summon Mana Viper        Hex/Summ       0%         N/A       100%        5
 Monstrous Menagerie      Summ           0%         N/A       100%        7
 Storm Form               Tmut/Air       0%         N/A       100%        7
 Maxwell's Capacitive Co  Air            0%         ∞         100%        8


Dungeon Overview and Level Annotations

Branches:
Dungeon (13/15)            Temple (1/1) D:6            Lair (0/6) D:10
    Orc (1/2) D:9         Ossuary (visited)          Bailey (visited)
 Vaults: D:13-14

Altars:
Ashenzari
Cheibriados
Dithmenos
Elyvilon
Fedhas
Gozag
Hepliaklqana
Kikubaaqudgha
Makhleb
Nemelex Xobeh
Okawaru
Qazlal
Ru
Sif Muna
Trog
Uskayaw
Vehumet
Wu Jian
Xom
Yredelemnul
Zin
The Shining One

Shops:
D:9 *   D:11 !

Annotations:
D:9 1 transporter, Triskal's ghost, journeyman FoFi
Orc:1 Erolcha
Abyss:1 Edmund; Josephine; Pikel


Innate Abilities, Weirdness & Mutations

[Armour fits poorly on your strangely shaped body.]
[Your magical capacity is extremely low. (-30% MP)]
[You do not regenerate when monsters are visible.]


Message History

The living lightning hits you!!
The raiju blinks!
The wretched star glows turbulently.
The lance of force hits you!!
You are knocked back by the lance of force.
You slam into the stone wall!
You closely miss the small abomination.
The small abomination is almost destroyed.
You slice the wretched star!!
Space warps horribly around the wretched star!
You hit the sun demon.
Space warps around the sun demon.
The sun demon hits you!
You are engulfed in flames!
You resist.
* * * LOW HITPOINT WARNING * * *
You block the small abomination's attack.
You barely miss the wretched star.
The wretched star is severely damaged.
You barely miss the sun demon. You slash the small abomination!
You destroy the small abomination!
Makhleb accepts your kill.
The raiju bursts into living lightning!
The living lightning misses you.
The raiju blinks!
The sun demon hits you!
* * * LOW HITPOINT WARNING * * *
You are engulfed in flames!
You resist.
* * * LOW HITPOINT WARNING * * *
The wretched star glows turbulently.
You block the lance of force.
Okay, then.
You feel much better. The sun demon hits you!
You are engulfed in flames.
You resist.
* * * LOW HITPOINT WARNING * * *
You slash the wretched star!
The wretched star is severely damaged.
You barely miss the sun demon.
The wretched star blinks!
The sun demon hits you!!
* * * LOW HITPOINT WARNING * * *
You are engulfed in flames!
You resist.
* * * LOW HITPOINT WARNING * * *
The sun demon misses you.
The wretched star glows turbulently.
The lance of force hits you!!
You die...

... .. # .
#♣...##.. #.. .....
#...*.... #.♣......
#3....... #
###@...# ♣♣.h.§..#
#. ##..##...# #.
#....#.#..#
.###.#...#.....
###..#.#.#...###.#.
.. #.....#. ......
.. .#.####.#### ..
.... # #..#


You could see a wretched star, a sun demon and a raiju.

Vanquished Creatures
  4 two-headed ogres
  2 thrashing horrors (Abyss:2)
  2 large abominations (Abyss:2)
  An orc sorcerer (Orc:1)
  A cyclops (D:9)
  An elephant (D:10)
  2 gargoyles (D:12)
  An unseen horror (D:13)
  A komodo dragon (D:10)
  A queen bee (D:12)
  3 meliai (D:12)
  3 trolls
  10 slime creatures (D:12)
  2 raiju (Abyss:2)
  Prince Ribbit (D:6)
  2 shadows
  5 wraiths
  2 wyverns
  A vampire (D:10)
  A basilisk (D:10)
  7 yaks
  3 vampire mosquitoes (D:11)
  A steam dragon (D:9)
  2 ice beasts (D:4)
  7 orc warriors
  2 black bears
  3 necrophages (D:6)
  An ogre (D:5)
  A lemure (D:6)
  5 centaurs
  3 kobold brigands
  4 bullfrogs
  A scorpion (D:7)
  A water moccasin zombie (D:5)
  A wyvern skeleton (D:7)
  A small abomination (Abyss:2)
  18 killer bees
  3 howler monkeys
  9 wights
  4 electric eels (D:9)
  2 bullfrog zombies
  A quasit (Abyss:2)
  3 centaur zombies
  2 jellies
  2 gnoll shamans
  A hound (D:4)
  8 orc priests
  A centaur skeleton (D:6)
  Terence (D:2)
  2 iguanas
  13 orc wizards
  A hound skeleton (D:4)
  6 mummies (Ossuary)
  A howler monkey zombie (D:10)
  5 adders
  18 gnolls
  A shadow imp (D:5)
  An ufetubus (D:6)
  2 worms
  2 dart slugs
  41 orcs
  3 endoplasms
  4 giant cockroaches
  4 goblins
  24 hobgoblins
  2 jackals (D:4)
  24 kobolds
  6 quokkas
  10 ball pythons
  7 bats
  4 frilled lizards
  A hobgoblin zombie (Ossuary)
  2 kobold zombies (Ossuary)
  5 orc zombies (Ossuary)
  10 rats
343 creatures vanquished.

Vanquished Creatures (others)
  An orc (D:9)
  7 plants
  4 toadstools (D:1)
12 creatures vanquished.

Grand Total: 355 creatures vanquished

Notes
Turn   | Place    | Note
-------+----------+-------------------------------------------
     0 | D:1      | leviel the Hill Orc Fighter began the quest for the Orb.
     0 | D:1      | Reached XP level 1. HP: 19/19 MP: 1/1
    28 | D:1      | Reached XP level 2. HP: 27/27 MP: 2/2
    52 | D:1      | Reached skill level 3 in Axes
   456 | D:1      | Reached XP level 3. HP: 33/33 MP: 3/3
   694 | D:2      | Noticed Terence
   707 | D:2      | Killed Terence
   730 | D:2      | Reached XP level 4. HP: 26/40 MP: 4/4
   930 | D:2      | Reached skill level 4 in Axes
  1166 | D:2      | Reached XP level 5. HP: 47/47 MP: 5/5
  1368 | D:2      | Found a burning altar of Makhleb.
  1416 | D:2      | Became a worshipper of Makhleb the Destroyer
  1866 | D:3      | Reached skill level 5 in Fighting
  2198 | D:4      | Reached * piety under Makhleb
  2208 | D:4      | Reached skill level 5 in Axes
  2208 | D:4      | Reached XP level 6. HP: 26/56 MP: 6/6
  2687 | D:4      | Reached skill level 5 in Armour
  2704 | D:4      | Noticed Edmund
  2720 | D:4      | Banished Edmund
  2721 | D:4      | Reached XP level 7. HP: 56/63 MP: 7/7
  2876 | D:4      | Found a transporter.
  2950 | D:4      | Found a transporter.
  3003 | D:4      | Reached skill level 6 in Axes
  3108 | D:5      | Entered Level 5 of the Dungeon
  3263 | D:5      | Reached XP level 8. HP: 71/71 MP: 8/8
  3323 | D:5      | Reached skill level 7 in Axes
  3399 | D:5      | Reached skill level 1 in Invocations
  3751 | D:6      | Noticed Pikel
  3755 | D:6      | Noticed Prince Ribbit
  3761 | D:6      | Banished Pikel
  3762 | D:6      | Reached skill level 8 in Axes
  3771 | D:6      | Killed Prince Ribbit
  3772 | D:6      | Reached skill level 9 in Axes
  3772 | D:6      | Reached XP level 9. HP: 26/81 MP: 11/11
  3774 | D:6      | Found a sand-covered staircase.
  3785 | Ossuary  | Entered an ossuary
  3830 | Ossuary  | Reached ** piety under Makhleb
  4052 | D:6      | Found a staircase to the Ecumenical Temple.
  4086 | Temple   | Entered the Ecumenical Temple
  4435 | D:6      | Reached skill level 10 in Axes
  4700 | D:6      | Reached skill level 5 in Invocations
  5241 | D:7      | Found a sparkling altar of Nemelex Xobeh.
  5889 | D:8      | Reached skill level 11 in Axes
  6272 | D:8      | Reached XP level 10. HP: 59/91 MP: 14/14
  6372 | D:9      | Noticed Triskal's ghost (journeyman FoFi)
  6372 | D:9      | Found a transporter.
  6379 | D:9      | Found Jevvusid's Demolitions Depot.
  6384 | D:9      | Noticed a centaur warrior
  6427 | D:9      | Found a flagged portal.
  6444 | Bailey   | Entered a bailey
  6504 | Bailey   | Reached *** piety under Makhleb
  6629 | Bailey   | Reached skill level 10 in Fighting
  6629 | Bailey   | Reached skill level 14 in Axes
  6629 | Bailey   | Reached XP level 11. HP: 47/101 MP: 14/17
  6661 | Bailey   | Reached skill level 15 in Axes
  6661 | Bailey   | Reached skill level 10 in Armour
  6661 | Bailey   | Reached skill level 10 in Invocations
  6661 | Bailey   | Reached XP level 12. HP: 48/110 MP: 17/19
  6794 | Bailey   | Reached XP level 13. HP: 119/119 MP: 20/20
  7045 | D:9      | Reached **** piety under Makhleb
  7114 | D:9      | Found a staircase to the Orcish Mines.
  7590 | D:9      | Reached skill level 16 in Axes
  7905 | D:10     | Entered Level 10 of the Dungeon
  7921 | D:10     | Found a staircase to the Lair.
  8306 | D:10     | Identified a scroll of acquirement
  8306 | D:10     | Acquired the ring of Fopt {Fly rPois rF- MP+9 Str+4}
  8673 | D:11     | Reached ***** piety under Makhleb
  9011 | D:11     | Found Osaob's Distillery.
  9019 | D:11     | Bought a potion of degeneration for 10 gold pieces
  9019 | D:11     | Bought a potion of heal wounds for 50 gold pieces
  9019 | D:11     | Bought 2 potions of heal wounds for 100 gold pieces
  9019 | D:11     | Bought a potion of haste for 100 gold pieces
  9485 | D:12     | Identified the +1 pair of boots of the Falcon {rF++}
 10099 | D:12     | Reached XP level 14. HP: 133/133 MP: 21/21
 10104 | D:12     | Reached skill level 15 in Fighting
 10178 | D:13     | Noticed Josephine
 10190 | D:13     | Banished Josephine
 10408 | Orc:1    | Entered Level 1 of the Orcish Mines
 10573 | Orc:1    | Noticed Erolcha
 10593 | Orc:1    | Cast into level 2 of the Abyss (Erolcha)
 10700 | Abyss:2  | Reached skill level 1 in Stealth
 10801 | Abyss:2  | Killed from afar by a wretched star

Illustrated notes

Levels and vault maps discovered:
D:1:      ldierk_walled_garden_2, layout_rooms, minmay_heptomino_d4
D:2:      wad_river_or_something, layout_basic, basic_altar, uniq_terence
D:3:      layout_rooms
D:4:      gammafunk_cloud_chamber, layout_rooms, serial_rivers,
          chequers_serial_rivers_marsh, chequers_serial_rivers_marsh,
          chequers_serial_rivers_micro_b, chequers_serial_rivers_micro_e,
          chequers_serial_rivers_large_a, chequers_serial_rivers_room_a,
          uniq_edmund
D:5:      layout_gridville
D:6:      layout_basic, minmay_temple_entry_trees, enter_ossuary_1,
          uniq_prince_ribbit1, uniq_pikel
D:7:      layout_loops_ring, mainiacjoe_overflow_alcove_4,
          grunt_decor_one_mirror
D:8:      layout_cave_pods
D:9:      cheibrodos_two_vegetables, layout_cave_pods, erik_orc_2,
          gammafunk_ghost_arena, enter_bailey_4, nicolae_blasting_shop
D:10:     layout_roguey, david_lair_generic, kennysheep_generic_room_5
D:11:     layout_basic, serial_shops,
          nicolae_shop_temple_entry_statues_fountains
D:12:     layout_roguey, minivault_7
D:13:     layout_rooms, grunt_vaults_entry_fortified, minmay_misc_feat_pillars,
          uniq_josephine
Temple:   mainiacjoe_temple_archimedes_tessellation
Orc:1:    layout_caves, uniq_erolcha
Abyss:2:  base: Lair:4, abyss_greek_temple, hangedman_abyss_or_decor_stagger,
          minivault_13

Skill      XL: |  1  2  3  4  5  6  7  8  9 10 11 12 13 14 |
---------------+-------------------------------------------+-----
Axes           | 3 4 5 6 9 11 14 15 16 | 16.0
Fighting       | 4 5 6 7 9 10 11 12 14 15 | 15.7
Armour         | 4 5 6 7 8 9 10 11 13 14 | 14.3
Shields        | 4 |  4.0
Invocations    | 3 6 8 10 | 10.1
Dodging        | 3 |  3.1
Evocations     | 3 |  3.8
Stealth        | 1 |  1.5

Action                   |  1- 3 |  4- 6 |  7- 9 | 10-12 | 13-15 || total
-------------------------+-------+-------+-------+-------+-------++-------
Melee: War axe           |    64 |   130 |   182 |    61 |   504 ||   941
Throw: Dart              |       |       |       |       |    11 ||    11
Evoke: Wand              |       |       |       |       |     3 ||     3
  Use: Scroll            |       |     6 |     7 |     2 |     4 ||    19
       Potion            |       |     6 |     1 |     5 |     3 ||    15
Armor: Scale mail        |    22 |    48 |    51 |    27 |   164 ||   312
Dodge: Dodged            |    26 |    61 |    50 |    34 |   191 ||   362
Block: Buckler           |    12 |    31 |    40 |    19 |   114 ||   216

Table legend: (Time is in decaauts)
 A = Elapsed time spent in this place.
 B = Non-inter-level travel time spent in this place.
 C = Inter-level travel time spent in this place.
 D = Time resting spent in this place.
 E = Time spent auto-exploring this place.
 F = Levels seen in this place.
 G = Mean time per level.
                   A        B        C        D        E       F      G
               +--------+--------+--------+--------+--------+-----+--------+
         Total |  10768 |  10216 |    552 |   1005 |   6897 |  18 |  598.2 |
       Dungeon |   9561 |   9029 |    532 |    893 |   6188 |  13 |  735.5 |
        Temple |    239 |    220 |     19 |      0 |    201 |   1 |  239.0 |
  Orcish Mines |    176 |    176 |      0 |      0 |    126 |   1 |  176.0 |
         Abyss |    194 |    194 |      0 |     32 |    109 |   1 |  194.0 |
       Ossuary |    235 |    235 |      0 |     24 |    123 |   1 |  235.0 |
        Bailey |    360 |    360 |      0 |     56 |    150 |   1 |  360.0 |
               +--------+--------+--------+--------+--------+-----+--------+

Top non-repeatable levels by time:
     D:9: 1220 daAuts
     D:2: 1082 daAuts
     D:4: 997 daAuts
     D:8: 787 daAuts
    D:12: 776 daAuts
    D:11: 763 daAuts
     D:7: 759 daAuts
    D:10: 738 daAuts
     D:1: 702 daAuts
     D:6: 625 daAuts
     D:5: 622 daAuts
     D:3: 397 daAuts
  Bailey: 360 daAuts
  Temple: 239 daAuts
 Ossuary: 235 daAuts
